Chicoutimi Sagueneens vs Brampton Battalion

Created - 21 octobre 2025 at 16:59

Goals
1 2 3 OT1 T
Chicoutimi Sagueneens 1 4 3 0 8
Brampton Battalion 2 4 2 1 9
Shots
1 2 3 OT1 T
Chicoutimi Sagueneens 4 18 18 0 40
Brampton Battalion 4 26 7 1 38

GoalsPenalties
1st period
1. Brampton Battalion , Lane Pederson 1 (Austin Poganski 1) at 9:05
2. Chicoutimi Sagueneens , Alex Steeves 5 (Raphael Lavoie 2, Stephen Halliday 6) at 10:44
3. Brampton Battalion , Jack Studnicka 4 (Chris Terry 4) at 11:01 (PP)
Chris Terry (BAT) for Fighting (Major) at 0:05
Austin Watson (SAG) for Fighting (Major) at 0:05
Dennis Gilbert (BAT) for Hooking (Minor) at 0:18
Dylan McIlrath (BAT) for Fighting (Major) at 10:53
Ilya Solovyov (SAG) for Fighting (Major) at 10:53
Ilya Solovyov (SAG) for instigated a fight (Minor) at 10:53
Ilya Solovyov (SAG) for instigated a fight (10 Minutes Misconduct) at 10:53
Nikita Pavlychev (BAT) for Fighting (Major) at 15:14
Raphael Lavoie (SAG) for Fighting (Major) at 15:14
2nd period
4. Brampton Battalion , Bokondji Imama 2 (Dennis Gilbert 2) at 3:24
5. Chicoutimi Sagueneens , Clark Bishop 2 (Tyson Barrie 3, Rocco Grimaldi 2) at 4:02
6. Brampton Battalion , Austin Poganski 1 (Lane Pederson 1, Dylan McIlrath 2) at 4:18
7. Brampton Battalion , Jack Studnicka 5 (Shai Buium 1, Gage Quinney 3) at 11:40
8. Chicoutimi Sagueneens , Austin Watson 1 (Tyson Barrie 4, Reilly Walsh 5) at 12:40
9. Chicoutimi Sagueneens , Raphael Lavoie 2 (Alex Steeves 3, Charlie Wright 1) at 12:52
10. Chicoutimi Sagueneens , Patrick Brown 3 (Ilya Solovyov 1, Clark Bishop 5) at 17:34 (PP)
11. Brampton Battalion , Jack Studnicka 6 (Gage Quinney 4, Chris Terry 5) at 18:17
Raphael Lavoie (SAG) for Tripping (Minor) at 13:46
Bokondji Imama (BAT) for Holding Stick (Minor) at 16:08
Hunter Skinner (BAT) for Fighting (Major) at 17:48
Austin Watson (SAG) for Fighting (Major) at 17:48
Dennis Gilbert (BAT) for Tripping (Minor) at 18:41
3rd period
12. Chicoutimi Sagueneens , Rocco Grimaldi 3 (Tyson Barrie 5, Patrick Brown 2) at 0:40 (PP)
13. Brampton Battalion , Austin Poganski 2 (Lane Pederson 2, Jake Leschyshyn 1) at 4:09
14. Brampton Battalion , Nikita Pavlychev 2 (Jake Leschyshyn 2) at 6:07
15. Chicoutimi Sagueneens , Raphael Lavoie 3 (Reilly Walsh 6, Ilya Solovyov 2) at 6:44 (PP)
16. Chicoutimi Sagueneens , Jared Davidson 3 (Austin Watson 2, Alex Steeves 4) at 10:42 (PP)
Oscar Eklind (BAT) for Fighting (Major) at 1:29
Clark Bishop (SAG) for Fighting (Major) at 1:29
Bokondji Imama (BAT) for Fighting (Major) at 6:30
Charlie Wright (SAG) for Fighting (Major) at 6:30
Bokondji Imama (BAT) for instigated a fight (Minor) at 6:30
Bokondji Imama (BAT) for instigated a fight (10 Minutes Misconduct) at 6:30
Hunter Skinner (BAT) for Fighting (Major) at 8:02
Raphael Lavoie (SAG) for Fighting (Major) at 8:02
Graham Slaggert (BAT) for Goalie Interference (Minor) at 10:36
Overtime #1
17. Brampton Battalion , Jack Studnicka 7 (Chris Terry 6) at 0:28
No Penalty
Goalie Stats
Magnus Hellberg (SAG), 8 saves from 12 shots - (0,667), 24:18 minutes
Oscar Dansk (SAG), 21 saves from 26 shots - (0,808), OTL, 0-1-1, 36:10 minutes
Matt Villalta (BAT), 32 saves from 40 shots - (0,800), W, 2-1-0, 60:28 minutes
3 StarsOfficial
1 - Jack Studnicka (BAT)
2 - Lane Pederson (BAT)
3 - Alex Steeves (SAG)
Referees : Trevor Hanson and Ghislain Hebert
Linesman : Michel Cormier and Bevan Mills
Game Note
Austin Watson beats up Chris Terry at 0:05 of 1st period
Dylan McIlrath and Ilya Solovyov fight to a draw at 10:53 of 1st period
Nikita Pavlychev and Raphael Lavoie fight to a draw at 15:14 of 1st period
Oscar Dansk enters game at 4:18 of 2nd period
Hunter Skinner and Austin Watson fight to a draw at 17:48 of 2nd period
Jack Studnicka has scored a Hat Trick!
Clark Bishop beats up Oscar Eklind at 1:29 of 3rd period
Bokondji Imama beats up Charlie Wright at 6:30 of 3rd period
Hunter Skinner beats up Raphael Lavoie at 8:02 of 3rd period
Finance
Level 1 -- Attendance: 1472 (73,60%) -- Ticket Income $51,520
Level 2 -- Attendance: 974 (97,40%) -- Ticket Income $14,610
Total Attendance: 2446 (81,53%)
Total Ticket Income: $66,130
Other Income: $32,404
Total Income: $98,534



Team Name Goals Shots Shots Attemp Shots Blocked PIM HIT PP PK FO%
Chicoutimi Sagueneens 840681149204 / 5 (80%)159%
Brampton Battalion 93868855271 / 2 (50%)441%

Chicoutimi Sagueneens
Player Name POS G A P +/- PIM HIT SHT SB MP PP MP PP SHT PK MP PK SHT FO% FOT GA TA
000000000:000:0000:0000% 000
000000000:000:0000:0000% 000
000000000:000:0000:0000% 000
000000000:000:0000:0000% 000
Alex SteevesC/LW/RW1233013222:402:5201:17057% 2801
Austin WatsonC/LW/RW11221025115:370:3400:0000% 110
Charlie WrightD011-1500018:382:4000:4600% 000
Clark BishopC112-4514023:432:4510:00060% 2030
Fabian LysellRW000-2010010:230:0700:2400% 000
Hugh McGingC/LW000-2020013:540:4400:2600% 000
Ilya SolovyovD022-11711015:562:5400:4600% 010
Jared DavidsonC101-1022010:161:4720:00050% 200
Max WannerD0001020117:330:0000:0000% 000
Patrick BrownC/RW112-1016218:432:4521:1700% 000
Raphael LavoieC/RW21311235015:532:4610:000100% 200
Reilly WalshD022-4002026:583:0401:2110% 001
Rocco GrimaldiC/LW/RW112-1003017:262:4510:00067% 300
Sam MortonLW000000005:460:0700:1300% 000
Stephen HallidayC011-3022013:080:0000:37057% 1400
Ty MuellerC0001000116:490:0000:0000% 000
Tye FelhaberC/LW000-3022112:310:0000:0000% 010
Tyson BarrieD033-4005323:432:5021:2100% 013
Brampton Battalion
Player Name POS G A P +/- PIM HIT SHT SB MP PP MP PP SHT PK MP PK SHT FO% FOT GA TA
000000000:000:0000:0000% 000
000000000:000:0000:0000% 000
000000000:000:0000:0000% 000
000000000:000:0000:0000% 000
Austin PoganskiRW2131003015:491:2300:0000% 110
Bokondji ImamaLW1012193109:260:0000:0000% 000
Chris TerryLW/RW0331505019:160:4402:5200% 011
Curtis HallC000000008:470:0000:0000% 200
Dennis GilbertD0112421220:280:4000:5400% 001
Dylan McIlrathD0112552121:281:2703:1400% 010
Gage QuinneyC/LW0220021118:000:4400:27033% 300
Graham SlaggertC000022008:460:0000:0000% 000
Hunter SkinnerD000-11010014:270:0000:2300% 000
Jack StudnickaC/RW4041026023:090:4413:50038% 3201
Jake LeschyshynC0222002019:421:2301:45045% 2200
Lane PedersonC/LW/RW1231045117:441:2301:3700% 000
Nikita PavlychevC1012511111:480:0000:00060% 1001
Nolan AllanD0003001124:130:4003:2500% 011
Oscar EklindC/LW0001511013:080:0000:5700% 000
Roman AhcanC/LW000000709:040:0000:0000% 010
Ryan O'RourkeD000-1011016:240:0001:1300% 001
Shai BuiumD0113031124:181:2702:1900% 001

Chicoutimi Sagueneens

5 vs 5 Forward
Line #Left WingCenterRight WingPHYDFOFWanted %Time %Time Play
1Austin WatsonAlex SteevesRaphael Lavoie0233132%16:27
2Rocco GrimaldiClark BishopPatrick Brown0233128%14:42
3Tye FelhaberStephen HallidayClark Bishop0232924%12:31
4Hugh McGingJared DavidsonFabian Lysell023916%8:29
5 vs 5 Defense
Line #DefenseDefensePHYDFOFWanted %Time %Time Play
1Tyson BarrieReilly Walsh0323233%17:27
2Ilya SolovyovCharlie Wright0233233%16:59
3Max WannerTy Mueller0323232%16:49
4Tyson BarrieReilly Walsh03242%0:54
Power Play Forward
Line #Left WingCenterRight WingPHYDFOFWanted %Time %Time Play
1Austin WatsonAlex SteevesRaphael Lavoie0145052%2:59
2Rocco GrimaldiClark BishopPatrick Brown0145048%2:45
Power Play Defense
Line #DefenseDefensePHYDFOFWanted %Time %Time Play
1Tyson BarrieReilly Walsh0235049%2:50
2Ilya SolovyovCharlie Wright0235051%2:54
Penalty Kill 4 Players Forward
Line #CenterWingPHYDFOFWanted %Time %Time Play
1Alex SteevesPatrick Brown0325161%1:17
2Stephen HallidayRaphael Lavoie0324939%0:50
Penalty Kill 4 Players Defense
Line #DefenseDefensePHYDFOFWanted %Time %Time Play
1Tyson BarrieReilly Walsh0415064%1:21
2Ilya SolovyovCharlie Wright0415036%0:46
Penalty Kill 3 Players
Line #WingPHYDFOFWanted %Time %Time PlayDefenseDefensePHYDFOFWanted %Time %Time Play
1Patrick Brown041500%0:00 Tyson BarrieReilly Walsh050500%0:00
2Stephen Halliday041500%0:00 Ilya SolovyovCharlie Wright050500%0:00
4 vs 4 Forward
Line #CenterWingPHYDFOFWanted %Time %Time Play
1Alex SteevesAustin Watson0235161%0:17
2Clark BishopRaphael Lavoie0234939%0:11
4 vs 4 Defense
Line #DefensePHYDFOFWanted %Time %Time Play
1Tyson BarrieReilly Walsh0235061%50% - 0:17
2Ilya SolovyovCharlie Wright0325039%50% - 0:11
Last Minutes Offensive
Left WingCenterRight WingDefenseDefense
Austin WatsonAlex SteevesRaphael LavoieTyson BarrieReilly Walsh
Last Minutes Defensive
Left WingCenterRight WingDefenseDefense
Raphael LavoieStephen HallidayPatrick BrownTyson BarrieReilly Walsh
Time
Total ForwardTotal DefenseLast Minutes OffensiveLast Minutes Defensive
60:28 60:28 0:000:00
Extra Forwards
Normal PowerPlayPenalty Kill
Alex Steeves, Hugh McGing, Sam MortonJared Davidson, Hugh McGingFabian Lysell
Extra Defensemen
Normal PowerPlayPenalty Kill
Ilya Solovyov, Charlie Wright, Reilly WalshCharlie Wright, Reilly WalshCharlie Wright
Penalty Shots
Alex Steeves, Raphael Lavoie, Jared Davidson, Clark Bishop, Tye Felhaber
Goalie
Magnus Hellberg, Oscar Dansk
Scratches
Gabriel Fortier (Healthy), Jonathan Gruden (Healthy), Luke Toporowski (Healthy), Jakub Stancl (Healthy), Niko Huuhtanen (Healthy) Bryce McConnell-Barker (Healthy)

Brampton Battalion

5 vs 5 Forward
Line #Left WingCenterRight WingPHYDFOFWanted %Time %Time Play
1Gage QuinneyJack StudnickaChris Terry0143430%15:49
2Lane PedersonJake LeschyshynAustin Poganski0233228%14:39
3Oscar EklindNikita PavlychevBokondji Imama0232825%12:54
4Roman AhcanCurtis HallGraham Slaggert131617%8:47
5 vs 5 Defense
Line #DefenseDefensePHYDFOFWanted %Time %Time Play
1Nolan AllanDylan McIlrath1223633%17:28
2Dennis GilbertShai Buium1223636%18:38
3Ryan O'RourkeHunter Skinner1222829%15:21
4Ryan O'RourkeHunter Skinner12201%0:42
Power Play Forward
Line #Left WingCenterRight WingPHYDFOFWanted %Time %Time Play
1Gage QuinneyJack StudnickaChris Terry0056035%0:44
2Lane PedersonJake LeschyshynAustin Poganski0054065%1:23
Power Play Defense
Line #DefenseDefensePHYDFOFWanted %Time %Time Play
1Dennis GilbertNolan Allan0146031%0:40
2Shai BuiumDylan McIlrath0144069%1:27
Penalty Kill 4 Players Forward
Line #CenterWingPHYDFOFWanted %Time %Time Play
1Jack StudnickaChris Terry0506072%4:07
2Jake LeschyshynLane Pederson0504028%1:37
Penalty Kill 4 Players Defense
Line #DefenseDefensePHYDFOFWanted %Time %Time Play
1Nolan AllanDylan McIlrath1406056%3:14
2Dennis GilbertShai Buium1404044%2:30
Penalty Kill 3 Players
Line #WingPHYDFOFWanted %Time %Time PlayDefenseDefensePHYDFOFWanted %Time %Time Play
1Jack Studnicka050600%0:00 Nolan AllanDylan McIlrath140600%0:00
2Jake Leschyshyn050400%0:00 Dennis GilbertShai Buium140400%0:00
4 vs 4 Forward
Line #CenterWingPHYDFOFWanted %Time %Time Play
1Jack StudnickaChris Terry12260100%0:28
2Gage QuinneyLane Pederson122400%0:00
4 vs 4 Defense
Line #DefensePHYDFOFWanted %Time %Time Play
1Nolan AllanDylan McIlrath12260100%60% - 0:28
2Dennis GilbertShai Buium122400%40% - 0:00
Last Minutes Offensive
Left WingCenterRight WingDefenseDefense
Chris TerryJack StudnickaLane PedersonNolan AllanShai Buium
Last Minutes Defensive
Left WingCenterRight WingDefenseDefense
Chris TerryJack StudnickaAustin PoganskiDennis GilbertDylan McIlrath
Time
Total ForwardTotal DefenseLast Minutes OffensiveLast Minutes Defensive
60:28 60:28 0:000:00
Extra Forwards
Normal PowerPlayPenalty Kill
Jack Studnicka, Jake Leschyshyn, Gage QuinneyOscar Eklind, Nikita PavlychevOscar Eklind
Extra Defensemen
Normal PowerPlayPenalty Kill
Nolan Allan, Shai Buium, Dylan McIlrathRyan O'Rourke, Ryan O'RourkeHunter Skinner
Penalty Shots
Jack Studnicka, Chris Terry, Lane Pederson, Gage Quinney, Jake Leschyshyn
Goalie
Matt Villalta, Luke Cavallin
Scratches
Andy Welinski (Healthy), Riley Piercey (Healthy), James Stefan (Healthy), Chris Driedger (Healthy)


Play-by-Play

1st period


0:01 of 1st period - Raphael Lavoie wins face-off versus Jack Studnicka in neutral zone.
0:05 of 1st period - Austin Watson beats up Chris Terry.
0:05 of 1st period - Penalty to Chris Terry for Fighting.
0:05 of 1st period - Penalty to Austin Watson for Fighting.
0:06 of 1st period - Clark Bishop wins face-off versus Jake Leschyshyn in neutral zone.
0:15 of 1st period - Snap shot by Rocco Grimaldi.
0:15 of 1st period - Stopped by Matt Villalta without a rebound.
0:16 of 1st period - Jake Leschyshyn wins face-off versus Clark Bishop in Brampton Battalion zone.
0:18 of 1st period - Minor Penalty to Dennis Gilbert for Hooking.
0:19 of 1st period - Alex Steeves wins face-off versus Jack Studnicka in Brampton Battalion zone.
0:33 of 1st period - Nolan Allan is hit by Alex Steeves and loses puck.
2:18 of 1st period - Penalty to Dennis Gilbert is over, Dennis Gilbert is back on ice.
3:41 of 1st period - Clark Bishop is hit by Graham Slaggert and loses puck.
6:04 of 1st period - Rocco Grimaldi is hit by Gage Quinney and loses puck.
6:17 of 1st period - Clark Bishop is hit by Shai Buium and loses puck.
6:37 of 1st period - Raphael Lavoie is hit by Bokondji Imama and loses puck.
6:54 of 1st period - Snap shot by Hugh McGing.
6:54 of 1st period - Shot Blocked by Dennis Gilbert.
6:56 of 1st period - Snap shot by Ilya Solovyov.
6:56 of 1st period - Stopped by Matt Villalta with a rebound.
6:58 of 1st period - Slapshot by Tyson Barrie.
6:58 of 1st period - Stopped by Matt Villalta with a rebound.
7:10 of 1st period - Ilya Solovyov is hit by Dylan McIlrath and loses puck.
7:53 of 1st period - Dennis Gilbert is hit by Raphael Lavoie.
7:57 of 1st period - Alex Steeves is hit by Dylan McIlrath.
8:20 of 1st period - Chris Terry is hit by Tye Felhaber and loses puck.
8:39 of 1st period - Fabian Lysell is hit by Dylan McIlrath and loses puck.
8:58 of 1st period - Clark Bishop is hit by Dylan McIlrath and loses puck.
9:05 of 1st period - Wrist shot by Lane Pederson.
9:05 of 1st period - Goal by Lane Pederson - Chicoutimi Sagueneens : 0 - Brampton Battalion : 1.
9:06 of 1st period - Alex Steeves wins face-off versus Jack Studnicka in neutral zone.
10:00 of 1st period - Snap shot by Lane Pederson.
10:00 of 1st period - Shot Misses the Net.
10:22 of 1st period - Snap shot by Clark Bishop.
10:22 of 1st period - Shot Misses the Net.
10:44 of 1st period - Snap shot by Alex Steeves.
10:44 of 1st period - Goal by Alex Steeves - Chicoutimi Sagueneens : 1 - Brampton Battalion : 1.
10:45 of 1st period - Jack Studnicka wins face-off versus Alex Steeves in neutral zone.
10:52 of 1st period - Slapshot by Raphael Lavoie.
10:52 of 1st period - Shot Misses the Net.
10:53 of 1st period - Dylan McIlrath and Ilya Solovyov fight to a draw.
10:53 of 1st period - Penalty to Dylan McIlrath for Fighting.
10:53 of 1st period - Penalty to Ilya Solovyov for Fighting.
10:53 of 1st period - Penalty to Ilya Solovyov for instigated a fight.
10:53 of 1st period - Penalty to Ilya Solovyov for instigated a fight.
10:54 of 1st period - Jack Studnicka wins face-off versus Alex Steeves in Brampton Battalion zone.
11:01 of 1st period - Snap shot by Jack Studnicka.
11:01 of 1st period - Goal by Jack Studnicka - Chicoutimi Sagueneens : 1 - Brampton Battalion : 2.
11:02 of 1st period - Jake Leschyshyn wins face-off versus Clark Bishop in neutral zone.
12:14 of 1st period - Slapshot by Lane Pederson.
12:14 of 1st period - Shot Misses the Net.
12:16 of 1st period - Wrist shot by Ryan O'Rourke.
12:16 of 1st period - Shot Blocked by Tye Felhaber.
12:18 of 1st period - Wrist shot by Jake Leschyshyn.
12:18 of 1st period - Shot Misses the Net.
12:51 of 1st period - Off-side.
12:52 of 1st period - Clark Bishop wins face-off versus Nikita Pavlychev in neutral zone.
13:12 of 1st period - Off-side.
13:13 of 1st period - Jake Leschyshyn wins face-off versus Alex Steeves in neutral zone.
13:16 of 1st period - Charlie Wright is hit by Shai Buium and loses puck.
13:21 of 1st period - Wrist shot by Lane Pederson.
13:21 of 1st period - Stopped by Magnus Hellberg with a rebound.
13:23 of 1st period - Slapshot by Shai Buium.
13:23 of 1st period - Stopped by Magnus Hellberg with a rebound.
13:42 of 1st period - Icing by Dennis Gilbert.
13:43 of 1st period - Stephen Halliday wins face-off versus Jake Leschyshyn in Brampton Battalion zone.
13:51 of 1st period - Off-side.
13:52 of 1st period - Jack Studnicka wins face-off versus Stephen Halliday in neutral zone.
15:13 of 1st period - Off-side.
15:14 of 1st period - Nikita Pavlychev wins face-off versus Alex Steeves in neutral zone.
15:14 of 1st period - Nikita Pavlychev and Raphael Lavoie fight to a draw.
15:14 of 1st period - Penalty to Nikita Pavlychev for Fighting.
15:14 of 1st period - Penalty to Raphael Lavoie for Fighting.
15:15 of 1st period - Jake Leschyshyn wins face-off versus Alex Steeves in neutral zone.
15:26 of 1st period - Bokondji Imama is hit by Austin Watson and loses puck.
15:58 of 1st period - Austin Poganski is hit by Jared Davidson and loses puck.
16:03 of 1st period - Wrist shot by Jared Davidson.
16:03 of 1st period - Shot Misses the Net.
18:59 of 1st period - Graham Slaggert is hit by Clark Bishop and loses puck.
19:14 of 1st period - Ty Mueller is hit by Bokondji Imama and loses puck.
19:25 of 1st period - Ty Mueller is hit by Lane Pederson.
Goals for this period are 1 for Chicoutimi Sagueneens vs 2 for Brampton Battalion.
Shots for this period are 4 for Chicoutimi Sagueneens vs 4 for Brampton Battalion.

2nd period


0:01 of 2nd period - Clark Bishop wins face-off versus Jake Leschyshyn in neutral zone.
0:11 of 2nd period - Snap shot by Austin Poganski.
0:11 of 2nd period - Shot Misses the Net.
0:15 of 2nd period - Wrist shot by Lane Pederson.
0:15 of 2nd period - Shot Blocked by Tyson Barrie.
0:38 of 2nd period - Backhand shot by Austin Watson.
0:38 of 2nd period - Shot Misses the Net.
0:48 of 2nd period - Reilly Walsh is hit by Graham Slaggert and loses puck.
0:55 of 2nd period - Snap shot by Roman Ahcan.
0:55 of 2nd period - Stopped by Magnus Hellberg with a rebound.
0:57 of 2nd period - Snap shot by Graham Slaggert.
0:57 of 2nd period - Shot Misses the Net.
1:07 of 2nd period - Hunter Skinner is hit by Tye Felhaber and loses puck.
1:12 of 2nd period - Snap shot by Stephen Halliday.
1:12 of 2nd period - Stopped by Matt Villalta with a rebound.
1:14 of 2nd period - Wrist shot by Tye Felhaber.
1:14 of 2nd period - Shot Misses the Net.
1:16 of 2nd period - Snap shot by Clark Bishop.
1:16 of 2nd period - Stopped by Matt Villalta with a rebound.
1:32 of 2nd period - Wrist shot by Jake Leschyshyn.
1:32 of 2nd period - Stopped by Magnus Hellberg with a rebound.
1:45 of 2nd period - Icing by Clark Bishop.
1:46 of 2nd period - Jack Studnicka wins face-off versus Clark Bishop in Chicoutimi Sagueneens zone.
1:49 of 2nd period - Wrist shot by Chris Terry.
1:49 of 2nd period - Stopped by Magnus Hellberg with a rebound.
2:04 of 2nd period - Icing by Raphael Lavoie.
2:05 of 2nd period - Alex Steeves wins face-off versus Jake Leschyshyn in Chicoutimi Sagueneens zone.
2:10 of 2nd period - Wrist shot by Austin Watson.
2:10 of 2nd period - Shot Misses the Net.
2:20 of 2nd period - Wrist shot by Lane Pederson.
2:20 of 2nd period - Shot Misses the Net.
2:41 of 2nd period - Icing by Dylan McIlrath.
2:42 of 2nd period - Nikita Pavlychev wins face-off versus Alex Steeves in Brampton Battalion zone.
3:22 of 2nd period - Slapshot by Bokondji Imama.
3:22 of 2nd period - Shot Blocked by Tyson Barrie.
3:24 of 2nd period - Snap shot by Bokondji Imama.
3:24 of 2nd period - Goal by Bokondji Imama - Chicoutimi Sagueneens : 1 - Brampton Battalion : 3.
3:25 of 2nd period - Jake Leschyshyn wins face-off versus Clark Bishop in neutral zone.
3:40 of 2nd period - Snap shot by Lane Pederson.
3:40 of 2nd period - Stopped by Magnus Hellberg without a rebound.
3:41 of 2nd period - Jack Studnicka wins face-off versus Austin Watson in Chicoutimi Sagueneens zone.
3:48 of 2nd period - Wrist shot by Chris Terry.
3:48 of 2nd period - Stopped by Magnus Hellberg with a rebound.
3:50 of 2nd period - Snap shot by Gage Quinney.
3:50 of 2nd period - Shot Misses the Net.
3:52 of 2nd period - Wrist shot by Gage Quinney.
3:52 of 2nd period - Deflect By Jack Studnicka.
3:52 of 2nd period - Shot Misses the Net.
3:52 of 2nd period - Puck is out of play.
3:53 of 2nd period - Rocco Grimaldi wins face-off versus Gage Quinney in Chicoutimi Sagueneens zone.
3:58 of 2nd period - Slapshot by Tyson Barrie.
3:58 of 2nd period - Deflect By Chris Terry.
3:58 of 2nd period - Stopped by Matt Villalta with a rebound.
4:00 of 2nd period - Snap shot by Clark Bishop.
4:00 of 2nd period - Shot Misses the Net.
4:02 of 2nd period - Slapshot by Clark Bishop.
4:02 of 2nd period - Goal by Clark Bishop - Chicoutimi Sagueneens : 2 - Brampton Battalion : 3.
4:03 of 2nd period - Jake Leschyshyn wins face-off versus Stephen Halliday in neutral zone.
4:12 of 2nd period - Wrist shot by Lane Pederson.
4:12 of 2nd period - Shot Blocked by Tyson Barrie.
4:14 of 2nd period - Snap shot by Austin Poganski.
4:14 of 2nd period - Stopped by Magnus Hellberg with a rebound.
4:16 of 2nd period - Wrist shot by Lane Pederson.
4:16 of 2nd period - Shot Misses the Net.
4:18 of 2nd period - Slapshot by Austin Poganski.
4:18 of 2nd period - Goal by Austin Poganski - Chicoutimi Sagueneens : 2 - Brampton Battalion : 4.
4:18 of 2nd period - Oscar Dansk enters game.
4:19 of 2nd period - Jack Studnicka wins face-off versus Clark Bishop in neutral zone.
4:26 of 2nd period - Wrist shot by Gage Quinney.
4:26 of 2nd period - Shot Blocked by Patrick Brown.
4:34 of 2nd period - Wrist shot by Patrick Brown.
4:34 of 2nd period - Stopped by Matt Villalta without a rebound.
4:35 of 2nd period - Alex Steeves wins face-off versus Jake Leschyshyn in Brampton Battalion zone.
4:39 of 2nd period - Slapshot by Tyson Barrie.
4:39 of 2nd period - Shot Blocked by Dylan McIlrath.
4:41 of 2nd period - Slapshot by Tyson Barrie.
4:41 of 2nd period - Deflect By Alex Steeves.
4:41 of 2nd period - Stopped by Matt Villalta without a rebound.
4:42 of 2nd period - Alex Steeves wins face-off versus Jake Leschyshyn in Brampton Battalion zone.
4:43 of 2nd period - Wrist shot by Raphael Lavoie.
4:43 of 2nd period - Stopped by Matt Villalta with a rebound.
5:13 of 2nd period - Slapshot by Chris Terry.
5:13 of 2nd period - Stopped by Oscar Dansk without a rebound.
5:14 of 2nd period - Clark Bishop wins face-off versus Jack Studnicka in Chicoutimi Sagueneens zone.
5:47 of 2nd period - Slapshot by Dennis Gilbert.
5:47 of 2nd period - Deflect By Alex Steeves.
5:47 of 2nd period - Stopped by Oscar Dansk with a rebound.
5:53 of 2nd period - 10 Minutes Misconduct Penalty to Ilya Solovyov is over.
6:35 of 2nd period - Wrist shot by Alex Steeves.
6:35 of 2nd period - Deflect By Raphael Lavoie.
6:35 of 2nd period - Deflect By Nikita Pavlychev.
6:35 of 2nd period - Stopped by Matt Villalta without a rebound.
6:36 of 2nd period - Jack Studnicka wins face-off versus Stephen Halliday in Brampton Battalion zone.
6:36 of 2nd period - Jack Studnicka is hit by Ilya Solovyov.
6:46 of 2nd period - Snap shot by Tye Felhaber.
6:46 of 2nd period - Stopped by Matt Villalta without a rebound.
6:47 of 2nd period - Clark Bishop wins face-off versus Austin Poganski in Brampton Battalion zone.
7:00 of 2nd period - Snap shot by Lane Pederson.
7:00 of 2nd period - Shot Blocked by Patrick Brown.
7:02 of 2nd period - Snap shot by Jake Leschyshyn.
7:02 of 2nd period - Stopped by Oscar Dansk with a rebound.
7:12 of 2nd period - Clark Bishop is hit by Bokondji Imama and loses puck.
7:17 of 2nd period - Slapshot by Oscar Eklind.
7:17 of 2nd period - Stopped by Oscar Dansk with a rebound.
7:19 of 2nd period - Slapshot by Shai Buium.
7:19 of 2nd period - Shot Misses the Net.
7:21 of 2nd period - Wrist shot by Nikita Pavlychev.
7:21 of 2nd period - Shot Misses the Net.
7:44 of 2nd period - Jared Davidson is hit by Jack Studnicka.
7:54 of 2nd period - Snap shot by Lane Pederson.
7:54 of 2nd period - Stopped by Oscar Dansk with a rebound.
7:56 of 2nd period - Snap shot by Ryan O'Rourke.
7:56 of 2nd period - Stopped by Oscar Dansk without a rebound.
7:57 of 2nd period - Alex Steeves wins face-off versus Jake Leschyshyn in Chicoutimi Sagueneens zone.
7:57 of 2nd period - Alex Steeves is hit by Ryan O'Rourke.
8:03 of 2nd period - Wrist shot by Lane Pederson.
8:03 of 2nd period - Stopped by Oscar Dansk with a rebound.
8:27 of 2nd period - Snap shot by Gage Quinney.
8:27 of 2nd period - Stopped by Oscar Dansk with a rebound.
8:53 of 2nd period - Snap shot by Roman Ahcan.
8:53 of 2nd period - Stopped by Oscar Dansk without a rebound.
8:54 of 2nd period - Stephen Halliday wins face-off versus Nikita Pavlychev in Chicoutimi Sagueneens zone.
8:54 of 2nd period - Stephen Halliday is hit by Nikita Pavlychev.
9:09 of 2nd period - Icing by Bokondji Imama.
9:10 of 2nd period - Nikita Pavlychev wins face-off versus Clark Bishop in Brampton Battalion zone.
10:03 of 2nd period - Tyson Barrie is hit by Lane Pederson.
10:27 of 2nd period - Slapshot by Roman Ahcan.
10:27 of 2nd period - Stopped by Oscar Dansk with a rebound.
10:36 of 2nd period - Icing by Dylan McIlrath.
10:37 of 2nd period - Clark Bishop wins face-off versus Curtis Hall in Brampton Battalion zone.
10:40 of 2nd period - Wrist shot by Rocco Grimaldi.
10:40 of 2nd period - Stopped by Matt Villalta with a rebound.
10:50 of 2nd period - Slapshot by Roman Ahcan.
10:50 of 2nd period - Stopped by Oscar Dansk with a rebound.
11:12 of 2nd period - Slapshot by Nolan Allan.
11:12 of 2nd period - Deflect By Alex Steeves.
11:12 of 2nd period - Stopped by Oscar Dansk with a rebound.
11:14 of 2nd period - Wrist shot by Roman Ahcan.
11:14 of 2nd period - Shot Misses the Net.
11:16 of 2nd period - Slapshot by Nolan Allan.
11:16 of 2nd period - Shot Blocked by Max Wanner.
11:18 of 2nd period - Slapshot by Roman Ahcan.
11:18 of 2nd period - Stopped by Oscar Dansk with a rebound.
11:20 of 2nd period - Backhand shot by Dylan McIlrath.
11:20 of 2nd period - Stopped by Oscar Dansk with a rebound.
11:22 of 2nd period - Snap shot by Roman Ahcan.
11:22 of 2nd period - Shot Blocked by Ty Mueller.
11:24 of 2nd period - Slapshot by Dylan McIlrath.
11:24 of 2nd period - Stopped by Oscar Dansk with a rebound.
11:26 of 2nd period - Snap shot by Roman Ahcan.
11:26 of 2nd period - Stopped by Oscar Dansk with a rebound.
11:28 of 2nd period - Slapshot by Nolan Allan.
11:28 of 2nd period - Deflect By Graham Slaggert.
11:28 of 2nd period - Shot Misses the Net.
11:28 of 2nd period - Puck is out of play.
11:29 of 2nd period - Gage Quinney wins face-off versus Stephen Halliday in Chicoutimi Sagueneens zone.
11:38 of 2nd period - Wrist shot by Gage Quinney.
11:38 of 2nd period - Shot Misses the Net.
11:40 of 2nd period - Slapshot by Shai Buium.
11:40 of 2nd period - Deflect By Jack Studnicka.
11:40 of 2nd period - Goal by Jack Studnicka - Chicoutimi Sagueneens : 2 - Brampton Battalion : 5.
11:41 of 2nd period - Stephen Halliday wins face-off versus Jack Studnicka in neutral zone.
12:20 of 2nd period - Wrist shot by Tye Felhaber.
12:20 of 2nd period - Shot Blocked by Nikita Pavlychev.
12:34 of 2nd period - Slapshot by Tyson Barrie.
12:34 of 2nd period - Stopped by Matt Villalta with a rebound.
12:36 of 2nd period - Slapshot by Austin Watson.
12:36 of 2nd period - Stopped by Matt Villalta with a rebound.
12:38 of 2nd period - Slapshot by Austin Watson.
12:38 of 2nd period - Stopped by Matt Villalta with a rebound.
12:40 of 2nd period - Wrist shot by Austin Watson.
12:40 of 2nd period - Goal by Austin Watson - Chicoutimi Sagueneens : 3 - Brampton Battalion : 5.
12:41 of 2nd period - Jake Leschyshyn wins face-off versus Alex Steeves in neutral zone.
12:52 of 2nd period - Backhand shot by Raphael Lavoie.
12:52 of 2nd period - Goal by Raphael Lavoie - Chicoutimi Sagueneens : 4 - Brampton Battalion : 5.
12:53 of 2nd period - Jack Studnicka wins face-off versus Clark Bishop in neutral zone.
13:36 of 2nd period - Jake Leschyshyn is hit by Austin Watson and loses puck.
13:46 of 2nd period - Minor Penalty to Raphael Lavoie for Tripping.
13:47 of 2nd period - Jack Studnicka wins face-off versus Alex Steeves in Chicoutimi Sagueneens zone.
13:59 of 2nd period - Wrist shot by Chris Terry.
13:59 of 2nd period - Shot Blocked by Alex Steeves.
14:13 of 2nd period - Alex Steeves is hit by Shai Buium.
14:19 of 2nd period - Snap shot by Alex Steeves.
14:19 of 2nd period - Shot Misses the Net.
14:23 of 2nd period - Snap shot by Alex Steeves.
14:23 of 2nd period - Shot Misses the Net.
14:25 of 2nd period - Snap shot by Patrick Brown.
14:25 of 2nd period - Shot Misses the Net.
14:29 of 2nd period - Snap shot by Alex Steeves.
14:29 of 2nd period - Shot Blocked by Lane Pederson.
14:31 of 2nd period - Slapshot by Reilly Walsh.
14:31 of 2nd period - Stopped by Matt Villalta with a rebound.
14:33 of 2nd period - Wrist shot by Patrick Brown.
14:33 of 2nd period - Shot Misses the Net.
14:35 of 2nd period - Slapshot by Reilly Walsh.
14:35 of 2nd period - Shot Blocked by Shai Buium.
14:46 of 2nd period - Wrist shot by Lane Pederson.
14:46 of 2nd period - Shot Misses the Net.
15:22 of 2nd period - Shai Buium is hit by Hugh McGing and loses puck.
15:46 of 2nd period - Penalty to Raphael Lavoie is over, Raphael Lavoie is back on ice.
16:08 of 2nd period - Minor Penalty to Bokondji Imama for Holding Stick.
16:09 of 2nd period - Clark Bishop wins face-off versus Jack Studnicka in Brampton Battalion zone.
16:44 of 2nd period - Icing by Rocco Grimaldi.
16:45 of 2nd period - Clark Bishop wins face-off versus Jack Studnicka in Chicoutimi Sagueneens zone.
16:52 of 2nd period - Slapshot by Clark Bishop.
16:52 of 2nd period - Stopped by Matt Villalta with a rebound.
17:32 of 2nd period - Snap shot by Patrick Brown.
17:32 of 2nd period - Shot Blocked by Dennis Gilbert.
17:34 of 2nd period - Slapshot by Ilya Solovyov.
17:34 of 2nd period - Deflect By Patrick Brown.
17:34 of 2nd period - Goal by Patrick Brown - Chicoutimi Sagueneens : 5 - Brampton Battalion : 5.
17:35 of 2nd period - Alex Steeves wins face-off versus Nikita Pavlychev in neutral zone.
17:38 of 2nd period - Nikita Pavlychev is hit by Raphael Lavoie and loses puck.
17:48 of 2nd period - Hunter Skinner and Austin Watson fight to a draw.
17:48 of 2nd period - Penalty to Hunter Skinner for Fighting.
17:48 of 2nd period - Penalty to Austin Watson for Fighting.
17:49 of 2nd period - Clark Bishop wins face-off versus Jack Studnicka in neutral zone.
17:56 of 2nd period - Wrist shot by Jack Studnicka.
17:56 of 2nd period - Shot Misses the Net.
18:01 of 2nd period - Icing by Patrick Brown.
18:02 of 2nd period - Rocco Grimaldi wins face-off versus Jack Studnicka in Chicoutimi Sagueneens zone.
18:17 of 2nd period - Slapshot by Gage Quinney.
18:17 of 2nd period - Deflect By Jack Studnicka.
18:17 of 2nd period - Goal by Jack Studnicka - Chicoutimi Sagueneens : 5 - Brampton Battalion : 6.
18:18 of 2nd period - Jake Leschyshyn wins face-off versus Stephen Halliday in neutral zone.
18:41 of 2nd period - Minor Penalty to Dennis Gilbert for Tripping.
18:42 of 2nd period - Alex Steeves wins face-off versus Jack Studnicka in Brampton Battalion zone.
19:46 of 2nd period - Snap shot by Jake Leschyshyn.
19:46 of 2nd period - Deflect By Lane Pederson.
19:46 of 2nd period - Shot Misses the Net.
19:46 of 2nd period - Puck is out of play.
19:47 of 2nd period - Jake Leschyshyn wins face-off versus Alex Steeves in Chicoutimi Sagueneens zone.
Goals for this period are 4 for Chicoutimi Sagueneens vs 4 for Brampton Battalion.
Shots for this period are 18 for Chicoutimi Sagueneens vs 26 for Brampton Battalion.

3rd period


0:01 of 3rd period - Raphael Lavoie wins face-off versus Jack Studnicka in neutral zone.
0:04 of 3rd period - Slapshot by Tyson Barrie.
0:04 of 3rd period - Stopped by Matt Villalta without a rebound.
0:05 of 3rd period - Alex Steeves wins face-off versus Jack Studnicka in Brampton Battalion zone.
0:36 of 3rd period - Backhand shot by Patrick Brown.
0:36 of 3rd period - Stopped by Matt Villalta with a rebound.
0:38 of 3rd period - Slapshot by Tyson Barrie.
0:38 of 3rd period - Stopped by Matt Villalta with a rebound.
0:40 of 3rd period - Wrist shot by Rocco Grimaldi.
0:40 of 3rd period - Goal by Rocco Grimaldi - Chicoutimi Sagueneens : 6 - Brampton Battalion : 6.
0:41 of 3rd period - Clark Bishop wins face-off versus Jake Leschyshyn in neutral zone.
1:13 of 3rd period - Slapshot by Raphael Lavoie.
1:13 of 3rd period - Deflect By Chris Terry.
1:13 of 3rd period - Shot Misses the Net.
1:13 of 3rd period - Puck is out of play.
1:14 of 3rd period - Nikita Pavlychev wins face-off versus Stephen Halliday in Brampton Battalion zone.
1:29 of 3rd period - Clark Bishop beats up Oscar Eklind.
1:29 of 3rd period - Penalty to Oscar Eklind for Fighting.
1:29 of 3rd period - Penalty to Clark Bishop for Fighting.
1:30 of 3rd period - Alex Steeves wins face-off versus Jack Studnicka in Chicoutimi Sagueneens zone.
1:30 of 3rd period - Alex Steeves is hit by Jack Studnicka.
1:43 of 3rd period - Snap shot by Jack Studnicka.
1:43 of 3rd period - Stopped by Oscar Dansk with a rebound.
1:45 of 3rd period - Wrist shot by Chris Terry.
1:45 of 3rd period - Stopped by Oscar Dansk with a rebound.
1:59 of 3rd period - Icing by Hugh McGing.
2:00 of 3rd period - Stephen Halliday wins face-off versus Nikita Pavlychev in Chicoutimi Sagueneens zone.
2:51 of 3rd period - Snap shot by Roman Ahcan.
2:51 of 3rd period - Stopped by Oscar Dansk with a rebound.
3:30 of 3rd period - Wrist shot by Patrick Brown.
3:30 of 3rd period - Deflect By Nikita Pavlychev.
3:30 of 3rd period - Stopped by Matt Villalta with a rebound.
3:32 of 3rd period - Wrist shot by Patrick Brown.
3:32 of 3rd period - Stopped by Matt Villalta with a rebound.
4:04 of 3rd period - Raphael Lavoie is hit by Lane Pederson and loses puck.
4:09 of 3rd period - Wrist shot by Lane Pederson.
4:09 of 3rd period - Deflect By Austin Poganski.
4:09 of 3rd period - Goal by Austin Poganski - Chicoutimi Sagueneens : 6 - Brampton Battalion : 7.
4:10 of 3rd period - Alex Steeves wins face-off versus Jack Studnicka in neutral zone.
5:24 of 3rd period - Alex Steeves is hit by Dylan McIlrath and loses puck.
6:07 of 3rd period - Wrist shot by Nikita Pavlychev.
6:07 of 3rd period - Goal by Nikita Pavlychev - Chicoutimi Sagueneens : 6 - Brampton Battalion : 8.
6:08 of 3rd period - Jack Studnicka wins face-off versus Rocco Grimaldi in neutral zone.
6:21 of 3rd period - Wrist shot by Gage Quinney.
6:21 of 3rd period - Deflect By Jack Studnicka.
6:21 of 3rd period - Stopped by Oscar Dansk with a rebound.
6:23 of 3rd period - Slapshot by Chris Terry.
6:23 of 3rd period - Stopped by Oscar Dansk with a rebound.
6:30 of 3rd period - Bokondji Imama beats up Charlie Wright.
6:30 of 3rd period - Penalty to Bokondji Imama for Fighting.
6:30 of 3rd period - Penalty to Charlie Wright for Fighting.
6:30 of 3rd period - Penalty to Bokondji Imama for instigated a fight.
6:30 of 3rd period - Penalty to Bokondji Imama for instigated a fight.
6:31 of 3rd period - Alex Steeves wins face-off versus Jack Studnicka in neutral zone.
6:36 of 3rd period - Slapshot by Raphael Lavoie.
6:36 of 3rd period - Shot Misses the Net.
6:38 of 3rd period - Slapshot by Ilya Solovyov.
6:38 of 3rd period - Shot Blocked by Nolan Allan.
6:40 of 3rd period - Snap shot by Raphael Lavoie.
6:40 of 3rd period - Shot Misses the Net.
6:42 of 3rd period - Slapshot by Reilly Walsh.
6:42 of 3rd period - Shot Misses the Net.
6:44 of 3rd period - Snap shot by Raphael Lavoie.
6:44 of 3rd period - Goal by Raphael Lavoie - Chicoutimi Sagueneens : 7 - Brampton Battalion : 8.
6:45 of 3rd period - Stephen Halliday wins face-off versus Jack Studnicka in neutral zone.
6:55 of 3rd period - Icing by Chris Terry.
6:56 of 3rd period - Jack Studnicka wins face-off versus Clark Bishop in Brampton Battalion zone.
7:01 of 3rd period - Reilly Walsh is hit by Gage Quinney and loses puck.
7:23 of 3rd period - Off-side.
7:24 of 3rd period - Alex Steeves wins face-off versus Jake Leschyshyn in neutral zone.
7:28 of 3rd period - Off-side.
7:29 of 3rd period - Stephen Halliday wins face-off versus Jake Leschyshyn in neutral zone.
7:53 of 3rd period - Icing by Ryan O'Rourke.
7:54 of 3rd period - Jake Leschyshyn wins face-off versus Alex Steeves in Brampton Battalion zone.
7:59 of 3rd period - Snap shot by Nikita Pavlychev.
7:59 of 3rd period - Shot Blocked by Alex Steeves.
8:02 of 3rd period - Hunter Skinner beats up Raphael Lavoie.
8:02 of 3rd period - Penalty to Hunter Skinner for Fighting.
8:02 of 3rd period - Penalty to Raphael Lavoie for Fighting.
8:03 of 3rd period - Clark Bishop wins face-off versus Jack Studnicka in neutral zone.
9:11 of 3rd period - Wrist shot by Tye Felhaber.
9:11 of 3rd period - Shot Blocked by Gage Quinney.
9:13 of 3rd period - Slapshot by Reilly Walsh.
9:13 of 3rd period - Shot Misses the Net.
9:15 of 3rd period - Slapshot by Reilly Walsh.
9:15 of 3rd period - Stopped by Matt Villalta with a rebound.
9:19 of 3rd period - Wrist shot by Clark Bishop.
9:19 of 3rd period - Stopped by Matt Villalta with a rebound.
9:48 of 3rd period - Clark Bishop is hit by Dennis Gilbert and loses puck.
9:57 of 3rd period - Oscar Eklind is hit by Max Wanner and loses puck.
10:16 of 3rd period - Icing by Dennis Gilbert.
10:17 of 3rd period - Jared Davidson wins face-off versus Curtis Hall in Brampton Battalion zone.
10:36 of 3rd period - Minor Penalty to Graham Slaggert for Goalie Interference.
10:37 of 3rd period - Alex Steeves wins face-off versus Jack Studnicka in Brampton Battalion zone.
10:38 of 3rd period - Wrist shot by Jared Davidson.
10:38 of 3rd period - Stopped by Matt Villalta without a rebound.
10:39 of 3rd period - Alex Steeves wins face-off versus Jack Studnicka in Brampton Battalion zone.
10:40 of 3rd period - Wrist shot by Austin Watson.
10:40 of 3rd period - Shot Misses the Net.
10:42 of 3rd period - Wrist shot by Jared Davidson.
10:42 of 3rd period - Goal by Jared Davidson - Chicoutimi Sagueneens : 8 - Brampton Battalion : 8.
10:43 of 3rd period - Stephen Halliday wins face-off versus Jake Leschyshyn in neutral zone.
10:57 of 3rd period - Snap shot by Tye Felhaber.
10:57 of 3rd period - Shot Misses the Net.
11:05 of 3rd period - Nolan Allan is hit by Stephen Halliday and loses puck.
11:20 of 3rd period - Snap shot by Austin Watson.
11:20 of 3rd period - Stopped by Matt Villalta with a rebound.
12:17 of 3rd period - Snap shot by Alex Steeves.
12:17 of 3rd period - Stopped by Matt Villalta with a rebound.
12:31 of 3rd period - Jake Leschyshyn is hit by Stephen Halliday and loses puck.
12:49 of 3rd period - Snap shot by Patrick Brown.
12:49 of 3rd period - Stopped by Matt Villalta with a rebound.
13:09 of 3rd period - Snap shot by Tye Felhaber.
13:09 of 3rd period - Stopped by Matt Villalta with a rebound.
13:33 of 3rd period - Snap shot by Shai Buium.
13:33 of 3rd period - Shot Misses the Net.
14:27 of 3rd period - Hugh McGing is hit by Oscar Eklind and loses puck.
14:38 of 3rd period - Dennis Gilbert is hit by Patrick Brown and loses puck.
14:55 of 3rd period - Gage Quinney is hit by Raphael Lavoie and loses puck.
15:06 of 3rd period - Jake Leschyshyn is hit by Max Wanner and loses puck.
15:26 of 3rd period - Rocco Grimaldi is hit by Hunter Skinner and loses puck.
16:09 of 3rd period - Snap shot by Raphael Lavoie.
16:09 of 3rd period - Shot Misses the Net.
16:11 of 3rd period - Slapshot by Raphael Lavoie.
16:11 of 3rd period - Stopped by Matt Villalta without a rebound.
16:12 of 3rd period - Alex Steeves wins face-off versus Gage Quinney in Brampton Battalion zone.
16:13 of 3rd period - Wrist shot by Raphael Lavoie.
16:13 of 3rd period - Shot Misses the Net.
16:19 of 3rd period - Alex Steeves is hit by Dennis Gilbert and loses puck.
16:38 of 3rd period - Icing by Ryan O'Rourke.
16:39 of 3rd period - Nikita Pavlychev wins face-off versus Jared Davidson in Brampton Battalion zone.
16:39 of 3rd period - Nikita Pavlychev is hit by Fabian Lysell.
16:51 of 3rd period - Oscar Eklind is hit by Hugh McGing and loses puck.
17:05 of 3rd period - Jack Studnicka is hit by Jared Davidson and loses puck.
17:35 of 3rd period - Off-side.
17:36 of 3rd period - Stephen Halliday wins face-off versus Jake Leschyshyn in neutral zone.
17:49 of 3rd period - Wrist shot by Stephen Halliday.
17:49 of 3rd period - Stopped by Matt Villalta with a rebound.
17:55 of 3rd period - Tye Felhaber is hit by Lane Pederson and loses puck.
19:24 of 3rd period - Icing by Charlie Wright.
19:25 of 3rd period - Nikita Pavlychev wins face-off versus Alex Steeves in Chicoutimi Sagueneens zone.
19:46 of 3rd period - Wrist shot by Austin Watson.
19:46 of 3rd period - Stopped by Matt Villalta with a rebound.
Goals for this period are 3 for Chicoutimi Sagueneens vs 2 for Brampton Battalion.
Shots for this period are 18 for Chicoutimi Sagueneens vs 7 for Brampton Battalion.

Overtime #1


0:01 of 1st overtime period - Jack Studnicka wins face-off versus Alex Steeves in neutral zone.
0:14 of 1st overtime period - Wrist shot by Jack Studnicka.
0:14 of 1st overtime period - Shot Blocked by Austin Watson.
0:16 of 1st overtime period - Slapshot by Nolan Allan.
0:16 of 1st overtime period - Deflect By Jack Studnicka.
0:16 of 1st overtime period - Shot Misses the Net.
0:16 of 1st overtime period - Puck is out of play.
0:17 of 1st overtime period - Clark Bishop wins face-off versus Jack Studnicka in Chicoutimi Sagueneens zone.
0:28 of 1st overtime period - Snap shot by Jack Studnicka.
0:28 of 1st overtime period - Goal by Jack Studnicka - Chicoutimi Sagueneens : 8 - Brampton Battalion : 9.
Goals for this period are 0 for Chicoutimi Sagueneens vs 1 for Brampton Battalion.
Shots for this period are 0 for Chicoutimi Sagueneens vs 1 for Brampton Battalion.